General information
- name: BNet
- type: Ladder team game (AT/RT)
- host: Battle.net
- saver: myliegecyrus
map: RiceFields
- players: 6
- length: 83:02
- speed: Fast
- version: 1.26 W3XP
- replay type:

» download(638 KB)
Players
team 1 (winner)
AlasPoorYorick (
orange | 101 APM | 8395 actions | 83:00)
7 Keeper of the Grove
3 Entangling Roots
3 Thorns Aura
1 Tranquility
6 Priestess of the Moon
3 Trueshot Aura
2 Searing Arrows
1 Starfall
5 Naga Sea Witch
3 Frost Arrows
2 Forked Lightning
» actions
| Assign group hotkey | 13 | |
| Basic commands | 1064 | |
| Build / train | 89 | |
| ESC pressed | 2 | |
| Enter build submenu | 31 | |
| Enter hero's abilities submenu | 18 | |
| Give item / drop item | 4 | |
| Right click | 3687 | |
| Select / deselect | 1387 | |
| Select group hotkey | 1816 | |
| Use ability | 283 | |
8395 total
» units
» upgrades
| Ultravision | 1 | |
| Nature's Blessing | 1 | |
| Well Spring | 1 | |
| Strength of the Wild | 3 | |
| Reinforced Hides | 3 | |
| Corrosive Breath | 1 | |
10 total
» buildings
| Altar of Elders | 2 | |
| Moon Well | 23 | |
| Hunter's Hall | 1 | |
| Tree of Ages | 1 | |
| Tree of Life | 2 | |
| Ancient of Wonders | 2 | |
| Tree of Eternity | 1 | |
| Ancient of Wind | 1 | |
| Chimaera Roost | 4 | |
37 total
» build order
00:19 Altar of Elders
00:40 Moon Well
01:58 Moon Well
03:22 Moon Well
04:32 Moon Well
05:23 Hunter's Hall
05:51 Tree of Ages
06:55 Moon Well
08:02 Tree of Life
08:11 Ancient of Wonders
11:52 Ancient of Wonders
11:58 Tree of Eternity
15:06 Tree of Life
15:36 Moon Well
15:38 Moon Well
15:39 Moon Well
15:40 Moon Well
19:36 Moon Well
19:37 Moon Well
19:38 Moon Well
21:48 Moon Well
21:50 Moon Well
23:33 Moon Well
23:37 Moon Well
27:51 Altar of Elders
39:12 Moon Well
50:51 Moon Well
50:53 Moon Well
50:54 Moon Well
50:56 Moon Well
50:58 Moon Well
66:27 Moon Well
70:34 Ancient of Wind
72:31 Chimaera Roost
72:37 Chimaera Roost
72:42 Chimaera Roost
72:51 Chimaera Roost
» items
| Circlet of Nobility | 6 | |
| Staff of Sanctuary | 3 | |
| Orb of Venom | 1 | |
| Gloves of Haste | 2 | |
| Ring of Protection +2 | 1 | |
| Scroll of Town Portal | 2 | |
| Claws of Attack +15 | 3 | |
18 total
myliegecyrus (
pink | 111 APM | 9252 actions | 83:02)
7 Archmage
3 Blizzard
3 Brilliance Aura
1 Summon Water Elemental
6 Mountain King
3 Storm Bolt
3 Bash
5 Paladin
3 Holy Light
2 Divine Shield
» actions
| Assign group hotkey | 344 | |
| Basic commands | 65 | |
| Build / train | 138 | |
| Enter build submenu | 93 | |
| Enter hero's abilities submenu | 18 | |
| Give item / drop item | 5 | |
| Right click | 4258 | |
| Select / deselect | 704 | |
| Select group hotkey | 2958 | |
| Use ability | 669 | |
9252 total
» units
» upgrades
| Masonry | 3 | |
| Lumber Harvesting | 2 | |
| Magic Sentry | 1 | |
6 total
» buildings
| Altar of Kings | 1 | |
| Farm | 5 | |
| Lumber Mill | 1 | |
| Scout Tower | 109 | |
| Arcane Tower | 25 | |
| Guard Tower | 48 | |
| Keep | 1 | |
| Arcane Vault | 7 | |
| Town Hall | 1 | |
| Castle | 1 | |
| Arcane Sanctum | 1 | |
200 total
» build order
00:04 Altar of Kings
00:19 Farm
00:49 Lumber Mill
00:54 Farm
01:11 Scout Tower
01:20 Farm
01:33 Scout Tower
01:37 Scout Tower
01:37 Arcane Tower
01:51 Scout Tower
02:03 Guard Tower
02:05 Scout Tower
02:16 Arcane Tower
02:29 Scout Tower
02:30 Scout Tower
02:32 Guard Tower
02:36 Scout Tower
02:39 Guard Tower
04:11 Keep
04:13 Scout Tower
04:14 Scout Tower
04:14 Guard Tower
04:16 Guard Tower
04:17 Guard Tower
04:19 Scout Tower
04:20 Scout Tower
04:29 Arcane Vault
04:44 Guard Tower
04:46 Scout Tower
04:46 Scout Tower
04:57 Guard Tower
05:17 Guard Tower
05:19 Scout Tower
05:19 Scout Tower
05:23 Scout Tower
05:23 Scout Tower
05:54 Guard Tower
06:07 Guard Tower
06:12 Scout Tower
06:13 Scout Tower
06:16 Guard Tower
06:56 Guard Tower
07:00 Town Hall
07:04 Scout Tower
07:05 Scout Tower
07:06 Scout Tower
07:06 Scout Tower
07:07 Scout Tower
07:07 Scout Tower
07:10 Arcane Vault
07:11 Scout Tower
07:12 Scout Tower
07:15 Arcane Tower
07:15 Guard Tower
07:18 Scout Tower
07:19 Scout Tower
07:20 Scout Tower
07:20 Scout Tower
07:27 Arcane Tower
07:47 Farm
08:01 Guard Tower
08:05 Castle
08:07 Farm
08:25 Arcane Sanctum
08:27 Scout Tower
08:28 Scout Tower
08:33 Guard Tower
08:42 Arcane Tower
08:42 Guard Tower
09:01 Guard Tower
09:03 Arcane Vault
09:06 Guard Tower
09:11 Arcane Vault
09:13 Scout Tower
09:13 Scout Tower
09:22 Scout Tower
09:23 Scout Tower
09:24 Scout Tower
09:24 Scout Tower
09:25 Scout Tower
09:25 Scout Tower
09:28 Arcane Vault
09:30 Scout Tower
09:30 Scout Tower
09:32 Guard Tower
10:01 Guard Tower
10:03 Scout Tower
10:03 Scout Tower
10:09 Arcane Tower
10:12 Scout Tower
10:13 Scout Tower
10:34 Arcane Tower
10:35 Guard Tower
11:36 Guard Tower
11:38 Scout Tower
11:38 Scout Tower
11:41 Scout Tower
11:42 Scout Tower
11:49 Guard Tower
11:52 Scout Tower
11:52 Scout Tower
11:57 Guard Tower
11:58 Scout Tower
11:59 Scout Tower
12:38 Guard Tower
12:40 Scout Tower
12:41 Scout Tower
13:21 Scout Tower
13:22 Scout Tower
13:23 Scout Tower
13:25 Scout Tower
13:26 Scout Tower
13:28 Scout Tower
13:29 Scout Tower
13:41 Guard Tower
13:43 Scout Tower
13:44 Scout Tower
13:46 Guard Tower
13:48 Scout Tower
13:48 Scout Tower
13:51 Scout Tower
13:52 Scout Tower
13:56 Arcane Tower
13:57 Guard Tower
14:22 Guard Tower
14:44 Guard Tower
14:54 Guard Tower
14:55 Scout Tower
14:56 Scout Tower
16:05 Guard Tower
16:11 Scout Tower
16:13 Arcane Tower
16:14 Guard Tower
16:17 Scout Tower
16:18 Scout Tower
16:21 Arcane Tower
16:23 Scout Tower
16:25 Scout Tower
16:25 Scout Tower
16:28 Arcane Tower
16:29 Guard Tower
16:30 Arcane Tower
16:31 Arcane Tower
16:31 Guard Tower
16:37 Arcane Vault
16:41 Arcane Vault
16:43 Scout Tower
16:43 Scout Tower
17:21 Arcane Tower
18:23 Scout Tower
18:48 Guard Tower
18:57 Guard Tower
18:58 Scout Tower
18:59 Scout Tower
19:50 Guard Tower
19:52 Guard Tower
19:55 Scout Tower
19:56 Scout Tower
19:57 Scout Tower
19:58 Scout Tower
20:06 Scout Tower
20:07 Scout Tower
20:18 Scout Tower
20:20 Scout Tower
20:22 Scout Tower
20:47 Arcane Tower
20:52 Scout Tower
20:53 Scout Tower
20:59 Scout Tower
20:59 Scout Tower
21:53 Guard Tower
21:54 Guard Tower
22:04 Guard Tower
22:14 Arcane Tower
22:47 Guard Tower
23:24 Arcane Tower
23:45 Guard Tower
23:50 Scout Tower
23:53 Scout Tower
24:24 Arcane Tower
25:26 Guard Tower
26:08 Scout Tower
26:10 Scout Tower
26:11 Scout Tower
26:13 Scout Tower
26:15 Scout Tower
26:21 Scout Tower
26:29 Scout Tower
26:30 Scout Tower
26:37 Arcane Tower
26:38 Guard Tower
27:32 Arcane Tower
28:22 Guard Tower
29:13 Arcane Tower
31:06 Arcane Tower
31:07 Arcane Tower
39:09 Scout Tower
39:09 Scout Tower
49:02 Arcane Tower
49:03 Arcane Tower
» items
| Scroll of Regeneration | 3 | |
| Healing Salve | 2 | |
| Orb of Lightning | 2 | |
| Staff of Sanctuary | 3 | |
| Scroll of Town Portal | 4 | |
| Orb of Frost | 1 | |
| Ring of Protection +5 | 1 | |
| Kelen's Dagger of Escape | 1 | |
17 total
TIMG4STROK (
teal | 102 APM | 8472 actions | 83:00)
7 Blademaster
3 Wind Walk
3 Critical Strike
1 Bladestorm
5 Pandaren Brewmaster
3 Breath of Fire
2 Drunken Brawler
» actions
| Assign group hotkey | 19 | |
| Basic commands | 60 | |
| Build / train | 62 | |
| ESC pressed | 5 | |
| Enter build submenu | 88 | |
| Enter hero's abilities submenu | 14 | |
| Give item / drop item | 8 | |
| Right click | 5525 | |
| Select / deselect | 453 | |
| Select group hotkey | 1768 | |
| Use ability | 470 | |
8472 total
» units
» upgrades
| Spiked Barricades | 1 | |
| Ranged Weapons | 3 | |
| Liquid Fire | 1 | |
| Armor | 2 | |
7 total
» buildings
| Altar of Storms | 1 | |
| Orc Burrow | 6 | |
| War Mill | 1 | |
| Voodoo Lounge | 3 | |
| Watch Tower | 74 | |
| Stronghold | 1 | |
| Beastiary | 2 | |
| Fortress | 1 | |
89 total
» build order
00:09 Altar of Storms
00:18 Orc Burrow
00:39 War Mill
01:47 Voodoo Lounge
01:51 Watch Tower
02:11 Watch Tower
02:23 Orc Burrow
03:06 Watch Tower
03:09 Watch Tower
04:39 Watch Tower
04:39 Watch Tower
04:41 Stronghold
04:59 Watch Tower
04:59 Watch Tower
05:37 Orc Burrow
05:47 Orc Burrow
06:15 Watch Tower
06:15 Watch Tower
06:54 Watch Tower
06:55 Watch Tower
07:07 Beastiary
07:08 Beastiary
07:11 Fortress
07:17 Voodoo Lounge
07:26 Watch Tower
07:30 Watch Tower
08:19 Watch Tower
09:07 Voodoo Lounge
09:24 Watch Tower
09:25 Watch Tower
10:59 Orc Burrow
11:48 Watch Tower
11:50 Watch Tower
14:55 Watch Tower
14:55 Watch Tower
14:56 Watch Tower
15:01 Watch Tower
15:02 Watch Tower
15:03 Watch Tower
16:03 Watch Tower
16:03 Watch Tower
16:15 Watch Tower
16:28 Watch Tower
16:28 Watch Tower
16:28 Watch Tower
16:49 Watch Tower
17:27 Watch Tower
17:28 Watch Tower
17:29 Watch Tower
17:31 Watch Tower
18:09 Watch Tower
18:09 Watch Tower
18:10 Watch Tower
18:39 Watch Tower
18:40 Watch Tower
19:47 Watch Tower
19:48 Watch Tower
19:48 Watch Tower
20:08 Watch Tower
20:09 Watch Tower
20:45 Watch Tower
20:45 Watch Tower
20:46 Watch Tower
21:08 Watch Tower
21:09 Watch Tower
21:10 Watch Tower
21:14 Watch Tower
21:33 Watch Tower
21:42 Watch Tower
21:45 Watch Tower
21:46 Watch Tower
21:48 Watch Tower
22:19 Watch Tower
22:40 Watch Tower
22:47 Watch Tower
23:11 Watch Tower
23:14 Watch Tower
23:14 Watch Tower
23:18 Watch Tower
23:20 Watch Tower
24:01 Watch Tower
24:29 Watch Tower
24:29 Watch Tower
24:52 Watch Tower
26:06 Orc Burrow
28:22 Watch Tower
29:58 Watch Tower
30:58 Watch Tower
30:59 Watch Tower
» items
| Healing Salve | 2 | |
| Lesser Clarity Potion | 3 | |
| Orb of Lightning | 2 | |
| Gloves of Haste | 1 | |
| Staff of Sanctuary | 2 | |
| Mantle of Intelligence +3 | 1 | |
| Mana Stone | 1 | |
| Claws of Attack +15 | 2 | |
| Orb of Frost | 1 | |
| Health Stone | 1 | |
| Gauntlets of Ogre Strength +3 | 1 | |
17 total
team 2 (loser)
SANTAAVENUE (
yellow | 107 APM | 8270 actions | 77:11)
5 Goblin Tinker
3 Pocket Factory
1 Engineering Upgrade
1 Cluster Rockets
» actions
| Assign group hotkey | 43 | |
| Basic commands | 22 | |
| Build / train | 180 | |
| Enter build submenu | 74 | |
| Enter hero's abilities submenu | 7 | |
| Give item / drop item | 5 | |
| Right click | 5825 | |
| Select / deselect | 917 | |
| Select group hotkey | 720 | |
| Use ability | 477 | |
8270 total
» units
| Peasant | 35 | |
| Siege Engine | 3 | |
| Sorceress | 1 | |
39 total
» upgrades
| Lumber Harvesting | 2 | |
| Masonry | 3 | |
| Gunpowder | 3 | |
| Armor | 1 | |
| Barrage | 1 | |
| Magic Sentry | 1 | |
| Plating | 2 | |
| Sorceress Training | 2 | |
15 total
» buildings
| Farm | 8 | |
| Altar of Kings | 1 | |
| Lumber Mill | 6 | |
| Blacksmith | 1 | |
| Scout Tower | 227 | |
| Guard Tower | 65 | |
| Arcane Tower | 20 | |
| Keep | 2 | |
| Town Hall | 1 | |
| Castle | 4 | |
| Arcane Vault | 3 | |
| Workshop | 8 | |
| Arcane Sanctum | 1 | |
| Cannon Tower | 1 | |
348 total
» build order
00:27 Farm
01:08 Altar of Kings
01:26 Lumber Mill
01:35 Blacksmith
01:38 Farm
02:01 Farm
02:12 Scout Tower
02:17 Scout Tower
02:51 Scout Tower
02:54 Guard Tower
03:14 Scout Tower
03:17 Scout Tower
03:19 Scout Tower
03:25 Farm
03:26 Farm
04:03 Guard Tower
04:18 Arcane Tower
04:19 Arcane Tower
04:56 Farm
04:59 Farm
05:00 Farm
05:18 Scout Tower
05:19 Scout Tower
05:20 Scout Tower
05:21 Scout Tower
05:29 Keep
05:30 Keep
05:49 Lumber Mill
06:06 Guard Tower
06:30 Guard Tower
06:51 Scout Tower
06:52 Scout Tower
06:53 Scout Tower
07:40 Scout Tower
07:41 Scout Tower
07:42 Scout Tower
07:43 Scout Tower
07:44 Scout Tower
07:45 Scout Tower
07:47 Scout Tower
07:47 Scout Tower
07:48 Scout Tower
07:49 Scout Tower
07:50 Scout Tower
07:51 Scout Tower
07:53 Scout Tower
07:54 Scout Tower
07:55 Scout Tower
07:56 Scout Tower
07:57 Scout Tower
07:58 Scout Tower
07:59 Scout Tower
08:00 Scout Tower
08:02 Town Hall
08:39 Guard Tower
08:52 Guard Tower
08:55 Arcane Tower
08:55 Arcane Tower
09:05 Guard Tower
09:05 Guard Tower
09:09 Guard Tower
09:10 Guard Tower
09:10 Guard Tower
09:34 Arcane Tower
09:58 Guard Tower
09:58 Guard Tower
10:09 Guard Tower
10:10 Guard Tower
10:11 Guard Tower
10:11 Guard Tower
10:24 Guard Tower
10:26 Scout Tower
10:39 Castle
10:40 Castle
11:10 Guard Tower
11:22 Scout Tower
11:24 Scout Tower
11:26 Scout Tower
11:28 Scout Tower
11:39 Scout Tower
11:40 Scout Tower
11:41 Scout Tower
11:42 Scout Tower
11:43 Scout Tower
11:44 Scout Tower
11:45 Scout Tower
11:48 Scout Tower
11:48 Scout Tower
11:49 Scout Tower
11:50 Scout Tower
11:51 Scout Tower
11:52 Scout Tower
11:53 Scout Tower
11:54 Scout Tower
11:55 Scout Tower
11:56 Scout Tower
11:57 Scout Tower
12:35 Guard Tower
13:12 Guard Tower
13:14 Guard Tower
13:14 Guard Tower
13:17 Scout Tower
13:18 Scout Tower
13:19 Scout Tower
13:20 Scout Tower
13:21 Scout Tower
13:22 Scout Tower
13:22 Scout Tower
13:23 Scout Tower
13:29 Arcane Tower
13:29 Arcane Tower
13:51 Guard Tower
13:51 Guard Tower
14:20 Arcane Vault
14:32 Guard Tower
14:52 Guard Tower
14:53 Guard Tower
15:11 Workshop
15:48 Scout Tower
15:50 Scout Tower
15:51 Scout Tower
15:52 Scout Tower
15:53 Scout Tower
15:54 Scout Tower
15:55 Scout Tower
15:55 Scout Tower
15:57 Scout Tower
15:58 Scout Tower
15:58 Scout Tower
15:59 Scout Tower
16:01 Scout Tower
16:03 Scout Tower
16:04 Scout Tower
16:05 Scout Tower
16:05 Scout Tower
16:07 Scout Tower
16:07 Scout Tower
16:09 Scout Tower
16:10 Scout Tower
16:11 Scout Tower
16:12 Scout Tower
16:13 Scout Tower
16:15 Scout Tower
16:17 Scout Tower
16:18 Scout Tower
16:19 Scout Tower
16:20 Scout Tower
16:21 Scout Tower
16:23 Scout Tower
16:30 Arcane Sanctum
16:58 Workshop
17:00 Workshop
17:01 Workshop
17:03 Workshop
17:06 Arcane Vault
17:22 Workshop
17:24 Workshop
17:25 Workshop
17:28 Scout Tower
17:29 Scout Tower
17:30 Scout Tower
17:31 Scout Tower
17:32 Scout Tower
17:33 Scout Tower
17:34 Scout Tower
17:37 Scout Tower
17:38 Scout Tower
17:40 Scout Tower
17:41 Scout Tower
17:42 Scout Tower
17:43 Scout Tower
17:44 Scout Tower
17:47 Scout Tower
18:18 Guard Tower
18:18 Guard Tower
18:27 Guard Tower
18:27 Guard Tower
19:31 Guard Tower
19:58 Guard Tower
20:23 Lumber Mill
20:24 Guard Tower
20:46 Arcane Vault
20:49 Guard Tower
20:53 Cannon Tower
21:13 Lumber Mill
21:52 Scout Tower
21:54 Scout Tower
21:55 Scout Tower
21:55 Scout Tower
21:56 Scout Tower
21:57 Scout Tower
21:58 Scout Tower
21:59 Scout Tower
21:59 Scout Tower
22:00 Scout Tower
22:01 Scout Tower
22:01 Scout Tower
22:05 Scout Tower
22:06 Scout Tower
22:07 Scout Tower
22:08 Scout Tower
22:12 Scout Tower
22:13 Scout Tower
22:14 Scout Tower
22:16 Scout Tower
22:17 Scout Tower
22:18 Scout Tower
22:19 Scout Tower
22:20 Scout Tower
22:21 Scout Tower
23:04 Guard Tower
23:06 Guard Tower
23:06 Guard Tower
23:21 Guard Tower
23:25 Guard Tower
23:30 Scout Tower
23:31 Scout Tower
23:32 Scout Tower
23:33 Scout Tower
23:34 Scout Tower
23:35 Scout Tower
23:36 Scout Tower
23:37 Scout Tower
23:37 Scout Tower
23:44 Guard Tower
23:45 Guard Tower
23:47 Scout Tower
23:49 Scout Tower
23:49 Scout Tower
23:50 Scout Tower
23:52 Guard Tower
23:54 Scout Tower
23:56 Scout Tower
23:57 Scout Tower
23:58 Scout Tower
24:00 Scout Tower
24:01 Scout Tower
24:14 Guard Tower
24:14 Guard Tower
24:39 Guard Tower
24:39 Guard Tower
24:48 Guard Tower
24:48 Guard Tower
24:53 Guard Tower
24:53 Guard Tower
25:07 Guard Tower
25:20 Guard Tower
25:59 Lumber Mill
26:06 Scout Tower
26:07 Scout Tower
26:08 Scout Tower
26:09 Scout Tower
26:09 Scout Tower
26:10 Scout Tower
26:11 Scout Tower
26:12 Scout Tower
26:14 Scout Tower
26:15 Scout Tower
26:20 Guard Tower
27:18 Scout Tower
27:19 Scout Tower
27:20 Scout Tower
27:21 Scout Tower
27:22 Scout Tower
27:22 Scout Tower
27:23 Scout Tower
27:24 Scout Tower
27:25 Scout Tower
27:26 Scout Tower
27:29 Guard Tower
28:27 Guard Tower
32:44 Lumber Mill
33:53 Scout Tower
33:54 Scout Tower
33:55 Scout Tower
33:56 Scout Tower
33:57 Scout Tower
33:58 Scout Tower
33:59 Scout Tower
34:00 Scout Tower
34:01 Scout Tower
34:02 Scout Tower
34:04 Scout Tower
34:05 Scout Tower
34:06 Scout Tower
34:07 Scout Tower
34:08 Scout Tower
34:09 Scout Tower
34:10 Scout Tower
34:11 Scout Tower
34:12 Scout Tower
34:12 Scout Tower
34:14 Scout Tower
35:50 Guard Tower
43:08 Arcane Tower
43:08 Arcane Tower
47:36 Scout Tower
47:38 Scout Tower
47:39 Scout Tower
47:40 Scout Tower
47:42 Scout Tower
47:43 Scout Tower
47:44 Scout Tower
47:45 Scout Tower
47:46 Scout Tower
47:48 Scout Tower
47:48 Scout Tower
47:49 Scout Tower
47:52 Scout Tower
47:53 Scout Tower
47:54 Scout Tower
47:55 Scout Tower
47:56 Scout Tower
47:58 Scout Tower
48:00 Scout Tower
48:01 Scout Tower
48:02 Scout Tower
48:03 Scout Tower
48:04 Scout Tower
48:05 Scout Tower
48:07 Scout Tower
48:13 Scout Tower
48:14 Scout Tower
48:15 Scout Tower
48:16 Scout Tower
48:17 Scout Tower
48:19 Scout Tower
48:20 Scout Tower
48:35 Arcane Tower
48:45 Arcane Tower
48:47 Arcane Tower
48:47 Arcane Tower
48:58 Arcane Tower
49:03 Arcane Tower
49:09 Arcane Tower
49:16 Arcane Tower
49:25 Arcane Tower
49:37 Arcane Tower
49:41 Arcane Tower
» items
| Healing Salve | 2 | |
| Lesser Clarity Potion | 3 | |
| Scroll of Town Portal | 6 | |
| Orb of Lightning | 1 | |
| Potion of Healing | 7 | |
| Potion of Greater Healing | 1 | |
| Potion of Mana | 2 | |
| Orb of Frost | 1 | |
23 total
Ta[Gg]Le (
green | 82 APM | 6827 actions | 83:00)
4 Blademaster
2 Critical Strike
2 Wind Walk
» actions
| Assign group hotkey | 65 | |
| Build / train | 96 | |
| ESC pressed | 7 | |
| Enter build submenu | 46 | |
| Enter hero's abilities submenu | 4 | |
| Give item / drop item | 8 | |
| Remove unit from queue | 3 | |
| Right click | 4539 | |
| Select / deselect | 977 | |
| Select group hotkey | 594 | |
| Use ability | 480 | |
6827 total
» units
| Peon | 15 | |
| Troll Batrider | 17 | |
| Troll Witch Doctor | 2 | |
34 total
» upgrades
| Liquid Fire | 1 | |
| Reinforced Defenses | 1 | |
| Spiked Barricades | 2 | |
| Ranged Weapons | 1 | |
| Shaman Training | 2 | |
| Witch Doctor Training | 0 | |
7 total
» buildings
| Altar of Storms | 1 | |
| Orc Burrow | 6 | |
| Voodoo Lounge | 6 | |
| War Mill | 2 | |
| Watch Tower | 25 | |
| Stronghold | 1 | |
| Beastiary | 2 | |
| Fortress | 5 | |
| Spirit Lodge | 1 | |
49 total
» build order
00:06 Altar of Storms
00:21 Orc Burrow
00:37 Voodoo Lounge
01:17 War Mill
01:47 Orc Burrow
02:32 Watch Tower
02:35 Watch Tower
03:24 Watch Tower
04:15 Watch Tower
04:34 Watch Tower
04:37 Watch Tower
04:39 Stronghold
05:03 Watch Tower
05:39 Voodoo Lounge
06:10 Watch Tower
06:28 Watch Tower
06:58 Voodoo Lounge
07:50 Watch Tower
07:53 Beastiary
08:44 Watch Tower
09:22 Watch Tower
10:21 Watch Tower
10:28 Watch Tower
11:24 Fortress
11:25 Fortress
11:25 Fortress
11:45 Watch Tower
11:57 Voodoo Lounge
12:14 Watch Tower
12:38 Beastiary
13:55 Watch Tower
16:01 Orc Burrow
16:03 Orc Burrow
18:19 Watch Tower
18:21 Watch Tower
18:22 Watch Tower
18:23 Watch Tower
20:11 Voodoo Lounge
20:54 Spirit Lodge
21:59 Watch Tower
22:00 Watch Tower
22:02 Watch Tower
23:35 Watch Tower
23:45 War Mill
25:21 Orc Burrow
25:23 Orc Burrow
25:55 Voodoo Lounge
» items
| Healing Salve | 4 | |
| Lesser Clarity Potion | 5 | |
| Scroll of Speed | 2 | |
| Potion of Healing | 3 | |
| Orb of Lightning | 3 | |
| Claws of Attack +15 | 5 | |
| Potion of Invulnerability | 5 | |
| Circlet of Nobility | 1 | |
| Potion of Mana | 1 | |
29 total
tom[06] (
purple | 87 APM | 6688 actions | 77:05)
6 Warden
3 Shadow Strike
3 Blink
» actions
| Assign group hotkey | 19 | |
| Build / train | 102 | |
| ESC pressed | 6 | |
| Enter build submenu | 80 | |
| Enter hero's abilities submenu | 6 | |
| Give item / drop item | 4 | |
| Remove unit from queue | 2 | |
| Right click | 4383 | |
| Select / deselect | 936 | |
| Select group hotkey | 320 | |
| Use ability | 830 | |
6688 total
» units
» upgrades
| Well Spring | 1 | |
| Nature's Blessing | 1 | |
| Backpack | 1 | |
| Witch Doctor Training | | |
3 total
» buildings
| Altar of Elders | 1 | |
| Moon Well | 169 | |
| Hunter's Hall | 1 | |
| Ancient of Wonders | 3 | |
| Ancient Protector | 11 | |
| Tree of Ages | 2 | |
| Ancient of War | 1 | |
| Tree of Eternity | 2 | |
| Tree of Life | 4 | |
| Ancient of Wind | 1 | |
195 total
» build order
00:14 Altar of Elders
00:36 Moon Well
01:36 Hunter's Hall
01:47 Ancient of Wonders
02:07 Moon Well
02:16 Moon Well
03:01 Ancient Protector
03:06 Ancient Protector
04:20 Tree of Ages
04:21 Tree of Ages
04:25 Ancient of War
04:28 Ancient Protector
04:42 Ancient Protector
04:49 Moon Well
04:51 Moon Well
05:23 Ancient Protector
05:31 Ancient Protector
05:55 Ancient Protector
06:00 Moon Well
06:01 Moon Well
06:56 Tree of Eternity
06:56 Tree of Eternity
07:20 Moon Well
07:23 Moon Well
07:28 Moon Well
07:30 Moon Well
08:03 Moon Well
10:20 Tree of Life
10:24 Moon Well
10:25 Moon Well
10:27 Moon Well
10:28 Moon Well
10:30 Moon Well
10:32 Moon Well
10:35 Ancient of Wonders
11:11 Tree of Life
11:25 Tree of Life
12:19 Ancient Protector
12:26 Moon Well
12:27 Moon Well
12:29 Moon Well
12:30 Moon Well
13:39 Ancient Protector
13:43 Ancient Protector
15:23 Moon Well
15:24 Moon Well
15:25 Moon Well
15:26 Moon Well
15:28 Moon Well
15:30 Moon Well
15:32 Moon Well
15:33 Moon Well
15:33 Moon Well
15:36 Moon Well
15:39 Moon Well
15:43 Moon Well
15:45 Moon Well
15:46 Moon Well
15:47 Moon Well
15:49 Moon Well
15:50 Moon Well
15:50 Moon Well
15:53 Moon Well
15:53 Moon Well
15:55 Moon Well
15:58 Moon Well
16:00 Moon Well
16:01 Moon Well
16:02 Moon Well
16:20 Moon Well
16:24 Moon Well
16:25 Moon Well
16:26 Moon Well
16:28 Moon Well
16:30 Moon Well
16:33 Moon Well
16:59 Moon Well
17:01 Moon Well
17:03 Moon Well
17:22 Moon Well
17:24 Moon Well
17:25 Moon Well
17:27 Moon Well
17:28 Moon Well
17:29 Moon Well
17:35 Moon Well
17:36 Moon Well
17:37 Moon Well
17:38 Moon Well
17:40 Moon Well
17:41 Moon Well
17:42 Moon Well
17:47 Moon Well
19:29 Ancient Protector
19:31 Ancient of Wind
19:35 Tree of Life
20:54 Moon Well
20:54 Moon Well
21:53 Moon Well
21:58 Moon Well
21:59 Moon Well
22:00 Moon Well
22:03 Moon Well
22:04 Moon Well
22:05 Moon Well
22:08 Moon Well
22:09 Moon Well
22:10 Moon Well
22:11 Moon Well
22:13 Moon Well
22:15 Moon Well
22:16 Moon Well
22:23 Moon Well
22:24 Moon Well
22:25 Moon Well
24:49 Moon Well
24:51 Moon Well
24:53 Moon Well
24:56 Moon Well
25:15 Moon Well
25:17 Moon Well
25:17 Moon Well
25:19 Moon Well
25:20 Moon Well
25:20 Moon Well
25:22 Moon Well
25:23 Moon Well
25:29 Moon Well
25:29 Moon Well
25:30 Moon Well
25:32 Moon Well
25:33 Moon Well
25:34 Moon Well
25:37 Moon Well
25:39 Moon Well
25:39 Moon Well
25:40 Moon Well
25:43 Moon Well
25:44 Moon Well
25:46 Moon Well
25:47 Moon Well
25:48 Moon Well
26:01 Moon Well
26:03 Moon Well
27:29 Moon Well
27:44 Ancient of Wonders
28:02 Moon Well
28:04 Moon Well
28:07 Moon Well
28:09 Moon Well
28:11 Moon Well
28:13 Moon Well
28:17 Moon Well
28:20 Moon Well
28:20 Moon Well
29:18 Moon Well
29:20 Moon Well
29:21 Moon Well
29:31 Moon Well
31:59 Moon Well
32:01 Moon Well
32:02 Moon Well
32:04 Moon Well
32:43 Moon Well
32:45 Moon Well
32:45 Moon Well
32:47 Moon Well
32:48 Moon Well
32:51 Moon Well
33:11 Moon Well
33:13 Moon Well
33:14 Moon Well
33:51 Moon Well
33:53 Moon Well
33:54 Moon Well
34:00 Moon Well
34:04 Moon Well
34:06 Moon Well
34:08 Moon Well
35:25 Moon Well
35:26 Moon Well
35:29 Moon Well
35:30 Moon Well
35:31 Moon Well
36:33 Moon Well
36:34 Moon Well
36:35 Moon Well
36:36 Moon Well
36:40 Moon Well
36:41 Moon Well
36:42 Moon Well
36:44 Moon Well
47:22 Moon Well
47:23 Moon Well
47:34 Moon Well
» items
| Lesser Clarity Potion | 1 | |
| Moonstone | 8 | |
| Orb of Venom | 1 | |
| Anti-magic Potion | 11 | |
| Scroll of Town Portal | 5 | |
| Potion of Mana | 1 | |
| Potion of Invulnerability | 1 | |
| Ring of Protection +5 | 1 | |
| Ankh of Reincarnation | 1 | |
30 total
Chat log
(19:01 / All) myliegecyrus: hm
(19:04 / All) myliegecyrus: are you new to this game?
(23:01 / All) myliegecyrus: you'll need more tanks than that
(25:10 / All) myliegecyrus: nope
(28:10 / All) myliegecyrus: sorry noowbies..
(37:31 / All) AlasPoorYorick: gg?
(37:43 / All) tom[06]: LOL
(37:46 / All) tom[06]: funny
(37:50 / All) AlasPoorYorick: u tried
(37:54 / All) AlasPoorYorick: but u failed
(39:04 / All) TIMG4STROK: you guys not very good @ this
(39:09 / All) tom[06]: (:
(39:11 / All) Ta[Gg]Le: okok
(39:12 / All) tom[06]: you lose
(39:20 / All) TIMG4STROK: its not about win or loss
(39:22 / All) myliegecyrus: might want to take a lesson from the knowers
(39:24 / All) TIMG4STROK: its about owning retards
(39:27 / All) myliegecyrus: http://www.highper.ch
(39:29 / All) TIMG4STROK: consider youself owned, retard
(39:41 / All) AlasPoorYorick: i am a doctor i diagnose you with being a huge baby
(42:45 / All) AlasPoorYorick: ty for free win
(42:49 / All) tom[06]: np
(43:15 / All) AlasPoorYorick: hope i could teach you something
(43:16 / All) myliegecyrus: beat you with potm and naga
(43:19 / All) myliegecyrus: for shame
(43:19 / All) AlasPoorYorick: bout this 11 year old game
(44:05 / All) TIMG4STROK: does this ever work for you
(44:07 / All) AlasPoorYorick: gonna take a poop in your moon well
(44:40 / All) TIMG4STROK: my crits are "2" big
(45:27 / All) myliegecyrus: how many wells you need?
(45:42 / All) myliegecyrus: I guess a few more
(45:43 / All) myliegecyrus: nooblar
(45:48 / All) TIMG4STROK: bye
(46:21 / All) TIMG4STROK: my...hero....
(46:29 / All) myliegecyrus: damn you blow
(46:32 / All) AlasPoorYorick: tom 06 more like tom born in 2006 because you are a huge baby
(46:35 / All) tom[06]: haahha
(46:36 / All) tom[06]: out
(46:36 / All) tom[06]: played
(46:37 / All) tom[06]: noob
(46:37 / All) tom[06]: kotg
(46:39 / All) tom[06]: l2p
(46:41 / All) SANTAAVENUE: GG
(46:47 / All) AlasPoorYorick: exit stage left nooblord
(46:51 / All) TIMG4STROK: who needs heroes vs retards who have never played this game before
(52:04 / All) AlasPoorYorick: dead noob
(52:18 / All) TIMG4STROK: are you trying to break the game by giving us too many hero kills for the score to calculate
(54:11 / All) myliegecyrus: nice play warden
(54:12 / All) AlasPoorYorick: gb noob
(54:22 / All) tom[06]: u pro (:
(54:32 / All) myliegecyrus: we the biggest noobs
(60:53 / All) myliegecyrus: sorry you are bad :(
(61:10 / All) AlasPoorYorick: good thing you spent all your gold on tavern revives and anti magic pots
(70:00 / All) myliegecyrus: gg
(70:02 / All) myliegecyrus: www.highper.ch
(70:08 / All) SANTAAVENUE: we let you finish
(70:08 / All) AlasPoorYorick: take note
(70:09 / All) SANTAAVENUE: gg wp
(70:11 / All) SANTAAVENUE: :)
(70:14 / All) myliegecyrus: thx
(70:21 / All) myliegecyrus: rule #2
(70:23 / All) myliegecyrus: they're never afk
(70:30 / All) myliegecyrus: you'd know if you perused www.highper.ch some more
(70:54 / All) myliegecyrus: thanks for these juicy wells full of yuice jum jum
(70:58 / All) AlasPoorYorick: i use your moon well water to bathe my behind
(71:42 / All) TIMG4STROK: put wells on auto
(71:45 / All) TIMG4STROK: so you heal while stunned
(71:47 / All) TIMG4STROK: my god
(71:51 / All) tom[06]:
(71:55 / All) tom[06]: its right click
(71:56 / All) tom[06]: you dont know that
(72:01 / All) tom[06]: you can micro your moonwells
(72:02 / All) AlasPoorYorick: thought you were afk
(72:04 / All) tom[06]: idiotic dumbass
(72:09 / All) myliegecyrus: and yet you keep dying
(72:13 / All) TIMG4STROK: yes, i can
(72:16 / All) TIMG4STROK: you obviously cant
(72:18 / All) myliegecyrus: in the middle of all these wells
(72:24 / All) TIMG4STROK: evidenced by the fact that the heals stop flowing once you get stunned
(72:34 / All) TIMG4STROK: so bad,
(72:35 / All) myliegecyrus: you need all the help you can get really
(72:37 / All) myliegecyrus: even when "afk"
(72:42 / All) TIMG4STROK: so sad
(73:45 / All) TIMG4STROK: whos ready for some football
(73:47 / All) TIMG4STROK: usa #1
(73:55 / All) TIMG4STROK: time for some 4pm games
(74:02 / All) myliegecyrus: damn
(74:07 / All) myliegecyrus: your bat micro is even worse than hero
(74:11 / All) myliegecyrus: I can see why u never used them
(74:47 / All) tom[06]: izi
(77:08 / All) TIMG4STROK: bye
(77:15 / All) TIMG4STROK: the first good move youve done all day
(82:51 / All) myliegecyrus: gg sorry you couldn't play better